Map: Automaton LE

Players

DeMolition - Winner!

  • Race: Terran Terran
  • League: Diamond
  • Spawn Location: 9:00

A.I. 1 (Very Easy)

  • Race: Zerg Zerg
  • Spawn Location: 3:00

VOD

Have the link to the VOD?

Description

DeMolition of Zerg. An absolute monster of a build.

Time

  • Played on: Feb. 27, 2019, 6:54 p.m.
  • Length: 8:22
Show
View Real Time Build Order
Export as new Build Order

DeMolition Terran - Winner!

Build Orders: Hellion Opening, Timing Attack 

Get SALT Encoding   

  12  0:00  SCV  
  13  0:13  SCV  
  14  0:18  Supply Depot  
  14  0:25  SCV  
  15  0:36  Refinery  
  15  0:39  SCV  
  16  0:47  Barracks  
  16  0:51  SCV  
  17  0:57  Refinery  
  17  1:04  SCV  
  18  1:16  SCV  
  19  1:33  Orbital Command  
  19  1:34  Reaper  
  20  1:48  Factory  
  20  1:57  Ghost Academy  
  20  2:02  SCV  
  20  2:03  Supply Depot  
  20  2:08  Barracks Tech Lab  
  21  2:14  SCV  
  22  2:25  Ghost  
  22  2:26  SCV  
  25  2:34  Factory Reactor  
  25  2:36  Supply Depot  
  25  2:42  SCV  
  25  3:00  Ghost  
  27  3:07  Supply Depot  
  27  3:11  Hellion x2  
  31  3:29  Ghost  
  31  3:32  Hellion x2  
  31  3:34  Supply Depot  
  37  3:50  Starport  
  37  3:53  Hellion x2  
  41  4:00  Ghost  
  43  4:15  Hellion x2  
  47  4:27  Medivac  
  49  4:43  Factory  
  49  4:59  Command Center  
  49  5:05  Infernal Pre-Igniter  
  49  5:30  Hellion x2  
  49  5:31  Hellion  
  49  5:34  Armory  
  55  6:04  Supply Depot  
  55  6:07  Supply Depot  
  55  6:10  Hellion x2, Cyclone  
  62  6:13  Orbital Command  
  62  6:24  Mag-Field Accelerator  
  62  6:32  Hellion  
  64  6:42  Cyclone, Orbital Command  
  67  6:51  Hellion  
  67  6:53  Hellion  
  71  7:11  SCV x2  
  73  7:16  Supply Depot  
  73  7:18  Supply Depot  
  73  7:20  Supply Depot  
  73  7:21  Hellion  
  75  7:23  SCV  
  75  7:25  Medivac  
  78  7:38  Supply Depot  
  89  8:18  Factory  
  89  8:19  Factory  
Show
View Real Time Build Order
Export as new Build Order

A.I. 1 (Very Easy) Zerg 

Build Orders: Pool Only 

Get SALT Encoding   

  12  0:01  Drone  
  13  0:12  Overlord  
  13  0:17  Drone  
  14  0:35  Spawning Pool  
  14  0:38  Drone  
  14  0:43  Extractor  
  14  0:45  Drone  
  14  0:53  Overlord  
  14  1:23  Zergling x2  
  14  1:24  Queen  
  17  1:32  Roach Warren  
  17  1:34  Drone  
  17  1:40  Extractor  
  17  1:44  Drone  
  17  1:49  Zergling x2  
  18  2:04  Drone  
  19  2:11  Drone  
  20  2:16  Zergling x2  
  20  2:18  Drone  
  22  2:29  Overlord  
  22  2:34  Drone  
  23  2:42  Drone, Roach  
  26  2:49  Drone  
  27  6:43  Zergling x2  
  23  7:04  Queen  
  22  7:09  Drone, Zergling x2  
  22  7:11  Overlord  
  24  7:17  Drone  
  25  7:24  Drone  
  26  7:31  Drone  
  25  7:38  Drone, Roach  
  25  7:42  Overlord  
  27  7:50  Drone  
  20  7:58  Drone  
  15  8:01  Overlord  
  10  8:05  Drone  
Tags
 
Add a new tag
Caveats
  • Supply blocks, unpowered buildings, or Contaminate may cause inaccurate times.
  • Supply counts are checked every 10 seconds.